Deep One, chaotic female human Priestess ----------- ------ --------------- |.........| |....| |.............| |.........| ##+....| |..............### |.........| # |....| |........)....| # |.........| ####.....| -.-----------|- ###|.........| # # |....| # # #...^......| ### ----|- #### ### ------%---- % ## # ! # #### ### # ##))))))#########################`##########%####### ## #-----------.-.- & #### # -.--.-- #|......%...)..| #&# # |...>.| #|......%....).| # #### # |.....| #|.....%.%%....| #&%-------+-# |.....| #|...../.......| &.&.^.....# |.....| ######|....%........+ ####|.......| ------- --------------- |......(| --------- Deep One the Priestess Experience level: 13 Strength: 12 Dexterity: 14 Constitution: 11 Intelligence: 11 Wisdom: 18 Charisma: 8 Health: 0(81) Energy: 120(210) Def: 29 Gold: 0 Moves: 12101 Dungeon seed: SHbs5i_Ck9VH_Xy9 Game ID: Deep One_1521378543 Your Inventory: Amulets M - an uncursed amulet of ESP (being worn) Weapons a - a blessed thoroughly rusty +2 mace (weapon in claw) Armor n - an uncursed +1 small shield q - an uncursed +0 pair of leather gloves (being worn) Scrolls c - a cursed scroll of teleportation d - an uncursed scroll of create monster k - an uncursed scroll of enchant armor p - an uncursed scroll of fire u - a cursed scroll of genocide w - a cursed scroll of confuse monster x - 2 uncursed scrolls of earth z - a cursed scroll of confuse monster B - an uncursed scroll of destroy armor K - an uncursed scroll of blank paper N - a cursed scroll of amnesia O - a cursed scroll of blank paper P - a cursed scroll of create monster S - a cursed scroll of remove curse U - an uncursed scroll of enchant weapon Potions b - 3 potions of holy water m - an uncursed potion of blindness G - an uncursed potion of water J - an uncursed potion of gain level Q - 4 uncursed potions of water Rings j - an uncursed ring of stealth v - an uncursed +2 ring of searching y - an uncursed +2 ring of protection A - an uncursed ring of sustain ability C - an uncursed ring of conflict H - an uncursed ring of sustain ability L - an uncursed ring of free action (on right claw) R - an uncursed ring of levitation V - an uncursed ring of shock immunity (on left claw) W - an uncursed +1 ring of increase damage Wands g - an uncursed wand of teleportation (0:1) i - an uncursed wand of teleportation (0:0) l - an uncursed wand of enlightenment (0:10) o - an uncursed wand of teleportation (0:7) D - an uncursed wand of probing (0:5) I - an uncursed wand of digging (0:1) T - an uncursed wand of magic missile (0:0) Z - an uncursed wand of sleep (0:3) Tools r - an uncursed towel t - an uncursed +0 unicorn horn E - an uncursed drum of earthquake (0:4) F - an uncursed skeleton key X - an uncursed mirror Y - an uncursed magic marker (0:97) Gems e - an uncursed luckstone Spells and supernatural/magical abilities: Spells marked with '!' are maintained. Name Level Category Fail Memory e - charm monster 3 enchantment 68% 98% l - light 1 ! divination 0% 82% n - detect monsters 1 divination 0% 99% p - protection 1 ! clerical 0% 82% U - detect unseen 3 divination 68% 94% W - pray for help -- divine ? -- X - turn undead -- divine ? -- Your skills at the end: Fighting Skills wands [Basic] Weapon Skills mace [Expert] Spellcasting Skills clerical spells [Basic] Final Attributes: You were immune to fire. You were cold resistant. You were immune to electricity. You were immune to poison. You were level-drain resistant. You were resistant to death magic. You saw invisible. You were telepathic. You had infravision. You were protected. You were permanently polymorphed into a marilith. You could not change form. You had free action. You were very lucky. You had extra luck. Bad luck did not time out for you. Good luck did not time out for you. You last prayed 37 turns ago. You are dead. Vanquished creatures: Medusa a baluchitherium a stone golem a baby orange dragon 3 nurses a frost giant a ghost a watch captain a fire giant 4 ice trolls a rock troll 3 hezrous 5 bone devils a long worm a stalker an air elemental 3 giant mummies a giant zombie 2 sergeants 18 water demons a vrock 4 wargs 2 winter wolves 3 small mimics 3 warhorses an ettin mummy 2 trolls a wood golem a gelatinous cube 2 pyrolisks a large dog a freezing sphere a flaming sphere a shocking sphere a tiger 2 gargoyles a dwarf king 4 tengu a leocrotta 2 mountain centaurs 2 stone giants an elf mummy 4 pythons 2 wraiths 2 leather golems 5 Grey-elves 20 soldiers a watchman an incubus a chameleon 2 giant beetles 2 quivering blobs 2 cockatrices 2 wolves 2 panthers 25 leprechauns an orc-captain 3 iron piercers a mumak 6 giant spiders a scorpion a horse 3 forest centaurs 2 gnome kings an orc mummy 3 dwarf mummies 3 brown puddings a rust monster 2 owlbears 4 yetis a werewolf a Green-elf 3 giant eels 4 lizards a jaguar 5 dwarf lords 2 white unicorns a dust vortex a raven a plains centaur 3 Kop Kaptains a gnome mummy 3 snakes 6 apes 7 human zombies a rope golem 5 Woodland-elves 8 soldier ants 4 fire ants a bugbear an imp 2 wood nymphs 2 water nymphs 2 mountain nymphs 7 Mordor orcs 18 Uruk-hai 2 orc shamans 3 rock piercers 4 ponies 3 yellow lights a shrieker 2 violet fungi 18 gnome lords 6 gnomish wizards 3 Kop Lieutenants a kobold mummy a black naga hatchling 2 gray oozes a straw golem a paper golem 3 jellyfish a baby crocodile a giant ant 2 little dogs 7 floating eyes a kitten 14 dwarves a homunculus 2 kobold lords a kobold shaman 10 hill orcs 15 rothes a rabid rat a centipede 2 giant bats 8 Kop Sergeants 2 dwarf zombies a wererat 5 werejackals 9 iguanas 21 killer bees an acid blob 3 coyotes 8 hobbits 4 manes 2 large kobolds 7 hobgoblins 3 giant rats 3 cave spiders a yellow mold 2 green molds a red mold 53 gnomes 13 Keystone Kops a garter snake 4 gnome zombies 3 geckos 5 jackals 2 foxes 2 kobolds 6 goblins 6 sewer rats a grid bug 4 bats 3 lichens a kobold zombie 9 newts 587 creatures vanquished. Voluntary challenges: You used a wielded weapon 1186 times, starting on turn 26. You read items or engraved 47 times, starting on turn 1160. You never genocided any monsters. You never polymorphed an object. You never changed form. You used no wishes. You split 2 puddings, starting on turn 1120. You wrote Elbereth's name 1 time, starting on turn 11973. You violated your moral code, losing 203 points of alignment, starting on turn 4001. Dungeon overview: The Dungeons of Doom: levels 1 to 25 Level 1 some fountains a long staircase Level 2 Level 3 some sinks stairs to The Gnomish Mines Level 4 Level 5 a fountain Level 6 a general store Level 7 a fountain Level 9 Level 10 stairs to Sokoban Level 11 a fountain Level 12 Level 13 portal to Fort Ludios Level 14 Level 15 an altar to Poseidon, a fountain Level 16 a fountain Level 17 some fountains, a vault Level 18 Level 19 an altar to Hermes, a vault Level 20 a fountain Level 21 <- You were here a fountain Level 22 a scroll shop, a sink Level 23 Level 24 Level 25 The Gnomish Mines: levels 4 to 11 Level 4 stairs to The Dungeons of Doom Level 5 Level 6 some shops, a temple to Poseidon, some fountains, a sink Level 7 Level 8 Level 9 Level 10 Level 11 a fountain Sokoban: Level 9 Unsolved stairs to The Dungeons of Doom Fort Ludios: Level 1 portal to The Dungeons of Doom History has recorded: On T:1 you entered the Dungeons of Doom to retrieve the Amulet of Yendor! On T:365 you reached level 2 of The Dungeons of Doom. On T:493 you advanced to experience level 2. On T:504 you reached level 3 of The Dungeons of Doom. On T:728 you advanced to experience level 3. On T:778 you reached level 1 of The Gnomish Mines. On T:857 you reached level 2 of The Gnomish Mines. On T:864 you advanced to experience level 4. On T:928 you advanced to experience level 5. On T:1052 you reached level 3 of The Gnomish Mines. On T:1121 you advanced to experience level 6. On T:1335 you reached level 4 of The Gnomish Mines. On T:1529 you advanced to experience level 7. On T:1587 you reached level 5 of The Gnomish Mines. On T:1718 you reached level 6 of The Gnomish Mines. On T:1970 you advanced to experience level 8. On T:2034 you reached level 7 of The Gnomish Mines. On T:2400 you reached level 8 of The Gnomish Mines. On T:3968 you advanced to experience level 9. On T:4463 you reached level 4 of The Dungeons of Doom. On T:4809 you reached level 5 of The Dungeons of Doom. On T:5218 you reached level 6 of The Dungeons of Doom. On T:5582 you reached level 7 of The Dungeons of Doom. On T:5950 you reached level 9 of The Dungeons of Doom. On T:6293 you reached level 10 of The Dungeons of Doom. On T:6401 you reached level 4 of Sokoban. On T:7179 you reached level 11 of The Dungeons of Doom. On T:7204 you advanced to experience level 10. On T:7493 you reached level 12 of The Dungeons of Doom. On T:7573 you reached level 13 of The Dungeons of Doom. On T:7738 you reached Fort Ludios. On T:8057 you reached level 14 of The Dungeons of Doom. On T:8643 you reached level 15 of The Dungeons of Doom. On T:8921 you reached level 16 of The Dungeons of Doom. On T:9010 you advanced to experience level 11. On T:9152 you reached level 17 of The Dungeons of Doom. On T:9383 you reached level 18 of The Dungeons of Doom. On T:9694 you reached level 19 of The Dungeons of Doom. On T:10061 you reached level 20 of The Dungeons of Doom. On T:10344 you reached level 21 of The Dungeons of Doom. On T:10396 you reached level 22 of The Dungeons of Doom. On T:11108 you reached level 23 of The Dungeons of Doom. On T:11379 you reached level 24 of The Dungeons of Doom. On T:11384 you advanced to experience level 12. On T:11525 you killed Medusa on level 24 of The Dungeons of Doom. On T:11567 you reached level 25 of The Dungeons of Doom. On T:11969 you advanced to experience level 13. Score breakdown: Gold: 0 ( 0 points) Experience: 13 levels (19298 points) Exploration: 25 levels ( 48.08%) (20579 points) Discoveries: 55 items ( 18.33%) (12845 points) Valuables value: (no points given unless you survive) Artifact value: 0 ( 0 points) Variety of kills: 157 monsters ( 41.32%) (19283 points) Turncount: 12101 turns (-2660 points) Survival: died (score multiplied by 80%) Total score: 55476 Latest messages: The bone devil zaps a wand of striking! The wand hits you! The incubus picks up a male lizard corpse from the floor. The bone devil zaps a wand of striking! The wand hits you! You hit the bone devil. You hit the bone devil! You hit the bone devil. (2x) You miss the bone devil. You hit the bone devil. The bone devil zaps a wand of striking! The wand hits you! You feel very attracted to the incubus. The incubus murmurs in your ear, while helping you undress. <"Shall I remove your gloves, sweetheart?" [yn]: n> "Take off your shield; it's in the way." Time stands still while you and the incubus lie in each other's arms... The incubus seems to have enjoyed it more than you... You feel exhausted. The incubus takes 1183 zorkmids for services rendered! The bone devil zaps a wand of striking! The wand hits you! Final status: Goodbye Deep One the Priestess, killed by a bone devil's wand, while stuck in monster form... You died in The Dungeons of Doom on dungeon level 21 with 55476 points, and 0 pieces of gold, after 12101 moves. You were level 13 with a maximum of 75 hit points when you died.